General information
- name: Local Game
- type: Ladder 1vs1/FFA
- host: Koda
- saver: Koda
map: aps\NGL\Season6\NGL-Season6-TS
- players: 1
- length: 13:44
- speed: Fast
- version: 1.23 W3XP
- replay type: Public
» download(90 KB)
Players
team 1 (winner)
Koda (
red | 252 APM | 3460 actions | 13:43)
5 Blademaster
2 Wind Walk
3 Critical Strike
4 Shadow Hunter
2 Hex
2 Healing Wave
» actions
| Assign group hotkey | 37 | |
| Basic commands | 169 | |
| Build / train | 65 | |
| Enter build submenu | 14 | |
| Enter hero's abilities submenu | 9 | |
| Give item / drop item | 3 | |
| Remove unit from queue | 1 | |
| Right click | 1166 | |
| Select / deselect | 517 | |
| Select group hotkey | 1389 | |
| Use ability | 90 | |
3460 total
» units
| Peon | 12 | |
| Grunt | 4 | |
| Raider | 2 | |
| Spirit Walker | 3 | |
| Goblin Shredder | 1 | |
| Kodo Beast | 4 | |
| Troll Headhunter/Berserker | 5 | |
31 total
» upgrades
| Ensnare | 1 | |
| Spirit Walker Training | 1 | |
| Armor | 2 | |
| Ranged Weapons | 1 | |
| Berserker Strength | 1 | |
| Troll Regeneration | 1 | |
7 total
» buildings
| Altar of Storms | 1 | |
| Orc Burrow | 6 | |
| Barracks | 1 | |
| Voodoo Lounge | 1 | |
| Stronghold | 2 | |
| Great Hall | 1 | |
| Beastiary | 1 | |
| Spirit Lodge | 1 | |
| War Mill | 1 | |
| Fortress | 2 | |
17 total
» build order
00:05 Altar of Storms
00:14 Orc Burrow
00:36 Barracks
01:30 Orc Burrow
01:54 Voodoo Lounge
02:57 Stronghold
03:58 Great Hall
04:26 Orc Burrow
05:21 Beastiary
06:15 Spirit Lodge
08:04 Orc Burrow
08:05 Orc Burrow
08:12 Orc Burrow
08:25 War Mill
10:49 Fortress
» items
| Healing Salve | 4 | |
| Boots of Speed | 1 | |
| Circlet of Nobility | 1 | |
| Scroll of Speed | 2 | |
| Potion of Lesser Invulnerability | 1 | |
| Scroll of Healing | 1 | |
10 total
Chat log
(03:37 / All) Koda: lol yea i know man
(03:38 / All) Koda: i know